 Dungeon Crawl Stone Soup version 0.25.1-2-g60ff931df9 (webtiles) character file.

Game seed: 10331207644851968408

42581 Peloso the Peltast (level 13, -6/116 HPs)
             Began as a Minotaur Fighter on Aug 13, 2020.
             Was the Champion of Okawaru.
             Mangled by a seven-headed hydra (12 damage)
             ... on level 3 of the Lair of Beasts.
             The game lasted 00:45:27 (18700 turns).

Peloso the Peltast (Minotaur Fighter)              Turns: 18700, Time: 00:45:27

Health: -6/116     AC: 20    Str: 25    XL:     13   Next: 86%
Magic:  11/13      EV: 14    Int:  5    God:    Okawaru [******]
Gold:   1136       SH: 22    Dex: 11    Spells: 12/12 levels left

rFire    + + .     SeeInvis .   b - +0 spear (flame)
rCold    x . .     Gourm    .   c - +0 kite shield
rNeg     . . .     Faith    .   A - +2 chain mail {rPois}
rPois    +         Spirit   .   (helmet restricted)
rElec    +         Reflect  +   v - +1 cloak
rCorr    .         Harm     .   (no gloves)
MR       .....                  l - +0 pair of boots
Stlth    ..........             i - amulet of reflection
HPRegen  0.29/turn              I - ring of protection from fire
MPRegen  0.13/turn              B - ring of Scepticism {Fire rElec rPois}

@: heroism
A: retaliatory headbutt, horns 2
a: Heroism, Finesse, Renounce Religion


You were on level 3 of the Lair of Beasts.
You worshipped Okawaru.
Okawaru was exalted by your worship.
You were not hungry.

You visited 3 branches of the dungeon, and saw 16 of its levels.
You also visited: Gauntlet and Volcano.

You collected 1136 gold pieces.

Inventory:

Hand Weapons
 a - a +0 scimitar of venom
 b - a +0 spear of flaming (weapon)
 K - a +0 hand crossbow
Missiles
 h - 102 bolts
Armour
 c - a +0 kite shield (worn)
 l - a +0 pair of boots (worn)
 v - a +1 cloak (worn)
 A - a +2 chain mail of poison resistance (worn)
Jewellery
 g - an uncursed ring of protection from cold
 i - an amulet of reflection (around neck)
 z - an uncursed ring of fire
 B - the ring of Scepticism (right hand) {Fire rElec rPois}
   (You found it in a Gauntlet)

   [ring of fire]

   It enhances your fire magic.
   It protects you from fire.
   It makes you vulnerable to cold.
   It insulates you from electricity.
   It protects you from poison.
 I - a ring of protection from fire (left hand)
Wands
 Z - a wand of digging (3)
Scrolls
 e - 3 scrolls of enchant weapon
 j - 8 scrolls of remove curse
 n - 2 scrolls of identify
 q - a scroll of random uselessness
 r - a scroll of immolation
 s - 3 scrolls of blinking
 t - a scroll of fog
 w - 3 scrolls of teleportation
 H - 2 scrolls of magic mapping
 N - a scroll of noise
Potions
 d - a potion of brilliance
 k - a potion of might
 m - a potion of experience {unknown}
 o - 6 potions of curing
 p - 3 potions of heal wounds
 u - a potion of berserk rage {unknown}
 C - 3 potions of stabbing
 Y - a potion of cancellation
Comestibles
 f - 23 rations
 x - a chunk of flesh


   Skills:
 + Level 11.0(16.0) Fighting
 + Level 14.7(19.7) Long Blades
 + Level 11.4(16.4) Armour
 + Level 6.0(11.0) Dodging
 + Level 2.4(7.4) Stealth
 + Level 16.9(21.9) Shields
 + Level 2.6 Invocations
 + Level 2.3 Evocations


You had 12 spell levels left.
You didn't know any spells.
Your spell library contained the following spells:

 Spells                   Type           Power        Failure   Level  Hunger
 Animate Skeleton         Necr           N/A          89%         1    ##.....
 Beastly Appendage        Tmut           #.....       89%         1    ##.....
 Corona                   Hex            #......      89%         1    ##.....
 Foxfire                  Conj/Fire      #...         89%         1    ##.....
 Infusion                 Chrm           #...         89%         1    ##.....
 Pain                     Necr           #...         89%         1    ##.....
 Shock                    Conj/Air       #...         89%         1    ##.....
 Summon Small Mammal      Summ           #...         89%         1    ##.....
 Ensorcelled Hibernation  Hex/Ice        #.....       96%         2    ###....
 Shroud of Golubria       Chrm/Tloc      #.....       96%         2    ###....
 Slow                     Hex            #.......     96%         2    ###....
 Song of Slaying          Chrm           #.......     96%         2    ###....
 Sticks to Snakes         Tmut           #.......     96%         2    ###....
 Confusing Touch          Hex            #.......     99%         3    ####...
 Dazzling Flash           Conj/Hex       #.....       99%         3    ####...
 Ignite Poison            Fire/Tmut/Pois #.......     99%         3    ####...
 Inner Flame              Hex/Fire       #.......     99%         3    ####...
 Ozocubu's Armour         Chrm/Ice       #.......     99%         3    ####...
 Portal Projectile        Hex/Tloc       #.....       99%         3    ####...
 Spectral Weapon          Hex/Chrm       #.......     99%         3    ####...
 Spider Form              Tmut/Pois      #.........   99%         3    ####...
 Tukima's Dance           Hex            #.......     99%         3    ####...
 Cause Fear               Hex            #.........   100%        4    #####..
 Ice Form                 Ice/Tmut       #.......     100%        4    #####..
 Leda's Liquefaction      Hex/Erth       #.........   100%        4    #####..
 Blade Hands              Tmut           #.........   100%        5    ######.
 Fireball                 Conj/Fire      #.........   100%        5    ######.
 Starburst                Conj/Fire      #.........   100%        6    #######
 Ring of Flames           Chrm/Fire      #.........   100%        7    #######
 Ignition                 Fire           #.........   100%        8    #######


Dungeon Overview and Level Annotations

Branches:
Dungeon (12/15)            Temple (1/1) D:4            Lair (3/6) D:9
  Swamp (0/4) Lair:2       Spider (0/4) Lair:2          Orc (0/2) D:9
Volcano (visited)         Gauntlet (visited)

Altars:
Ashenzari
Cheibriados
Dithmenos
Elyvilon
Fedhas
Gozag
Hepliaklqana
Kikubaaqudgha
Makhleb
Nemelex Xobeh
Okawaru
Qazlal
Ru
Sif Muna
Trog
Uskayaw
Vehumet
Wu Jian
Xom
Yredelemnul
Zin
The Shining One
Lugonu

Annotations:
D:10 2 runed translucent doors, exclusion: orange crystal statue


Innate Abilities, Weirdness & Mutations

You reflexively headbutt those who attack you in melee.
You have a pair of horns on your head.


Message History

You hit the seven-headed hydra but do no damage.
Your headbutt misses the seven-headed hydra.
The seven-headed hydra is severely wounded.
You block the seven-headed hydra's attack. x2
The seven-headed hydra bites you.
* * * LOW HITPOINT WARNING * * *
The seven-headed hydra closely misses you.
The seven-headed hydra bites you!
* * * LOW HITPOINT WARNING * * *
The seven-headed hydra bites you but does no damage.
The seven-headed hydra bites you.
* * * LOW HITPOINT WARNING * * *
You hit the seven-headed hydra. You burn the seven-headed hydra.
The seven-headed hydra is severely wounded.
The seven-headed hydra bites you but does no damage.
The seven-headed hydra bites you.
* * * LOW HITPOINT WARNING * * *
You block the seven-headed hydra's attack.
The seven-headed hydra bites you!
You die...

*,,****,,,.../...................
*,,,,,,,,....!........#..........
**,,,,,,*#............##.........
**,,,,,,.#....<.................
**,,,,,P.........†.............
*,,,,,........................
**,,,,,...........<...#........
*,,,,,,.............|###.......
**,,**,,.......@......#*#.......
**,,,,,,,.......D.......#,,,,,,,,
*,,,,,,,,.................,,,,,,,
***,*,,*,#......=..........,,,,,,
*******..................,,,,,,
*..........<.....!#,,,,,,
**#....#...........,,,,,,,
*,....##.........,,,,,,,,,
**,,,*****,,,,,,,,,,,,,,,,


You could see a seven-headed hydra.

Vanquished Creatures
  A storm dragon (D:12)
  An entropy weaver (Gauntlet)
  2 minotaurs
  An ettin (D:12)
  Fannar (Lair:1)
  A hydra (Lair:2)
  Harold (D:7)
  10 two-headed ogres
  Sonja (D:10)
  2 unseen horrors
  Pikel (D:7)
  2 ugly things (D:12)
  An orc sorcerer (Volcano)
  A manticore (D:12)
  5 elephants (Lair:2)
  2 molten gargoyles (Volcano)
  5 spiny frogs
  Maurice (D:10)
  2 smoke demons
  A gargoyle (D:12)
  6 komodo dragons
  A jumping spider (Gauntlet)
  A queen bee (shapeshifter) (D:9)
  4 trolls
  Prince Ribbit (D:7)
  3 bog bodies (Lair:2)
  A hornet (D:9)
  15 blink frogs (Lair:1)
  5 hippogriffs
  A shadow (D:12)
  A spriggan (D:9)
  2 wyverns (D:12)
  A wraith (D:10)
  4 yaks
  2 fire bats (Volcano)
  Eustachio (D:6)
  A human (shapeshifter) (D:9)
  2 chaos spawn (Gauntlet)
  3 hungry ghosts
  A neqoxec (Gauntlet)
  A swamp worm (Lair:2)
  2 wargs (D:9)
  A soldier ant (D:12)
  4 hell hounds (Volcano)
  3 water moccasins
  A porcupine (Lair:3)
  10 orc warriors
  5 ice beasts
  A black bear (D:9)
  2 eyes of draining
  4 sky beasts
  2 ogres (D:8)
  2 necrophages (D:8)
  An eye of draining (shapeshifter) (D:11)
  3 centaurs
  11 crocodiles
  2 big kobolds
  A wyvern zombie (D:12)
  17 bullfrogs
  A gnoll sergeant (D:5)
  A water moccasin skeleton (D:12)
  6 scorpions
  12 killer bees
  3 howler monkeys
  3 wights (D:9)
  An electric eel (Lair:2)
  5 lava snakes (Volcano)
  2 centaur zombies
  6 crimson imps
  A quasit (D:5)
  2 bullfrog zombies
  4 jellies
  8 hounds
  9 orc priests
  16 orc wizards
  Jessica (D:2)
  2 bullfrog skeletons
  3 centaur skeletons
  2 iguanas
  13 worker ants
  A killer bee zombie (D:9)
  A howler monkey zombie (D:5)
  14 gnolls
  19 adders
  3 oozes
  3 adder skeletons
  3 worms
  2 dart slugs (D:1)
  10 leopard geckos
  50 orcs
  10 bats
  9 giant cockroaches
  10 goblins
  8 hobgoblins
  7 jackals
  2 quokkas
  2 ball pythons
  5 frilled lizards
  21 kobolds
  A leopard gecko skeleton (D:6)
  A quokka skeleton (D:4)
  A quokka zombie (D:8)
  5 rats
  2 fungi (Lair:1)
  A plant (Lair:1)
463 creatures vanquished.

Vanquished Creatures (others)
  Joseph (D:7)
  A demonic plant (Gauntlet)
  4 fungi
  11 plants
17 creatures vanquished.

Grand Total: 480 creatures vanquished

Notes
Turn   | Place    | Note
-------+----------+-------------------------------------------
     0 | D:1      | Peloso the Minotaur Fighter began the quest for the Orb.
     0 | D:1      | Reached XP level 1. HP: 19/19 MP: 0/0
   120 | D:1      | Reached XP level 2. HP: 22/27 MP: 1/1
   355 | D:1      | Reached skill level 4 in Shields
   598 | D:1      | Reached XP level 3. HP: 33/33 MP: 2/2
  1432 | D:2      | Found a white marble altar of Elyvilon.
  1435 | D:2      | Reached XP level 4. HP: 40/40 MP: 3/3
  1528 | D:2      | Noticed Jessica
  1532 | D:2      | Killed Jessica
  1622 | D:2      | Found an opulent altar of Gozag.
  1622 | D:2      | Found a sparkling altar of Nemelex Xobeh.
  1868 | D:2      | Reached skill level 5 in Shields
  1868 | D:2      | Reached XP level 5. HP: 38/47 MP: 4/4
  2259 | D:3      | Found a blossoming altar of Fedhas.
  2521 | D:3      | Found a hazy altar of Hepliaklqana.
  2525 | D:3      | Found an ancient bone altar of Kikubaaqudgha.
  3084 | D:4      | Reached XP level 6. HP: 43/53 MP: 5/5
  3217 | D:4      | Found a staircase to the Ecumenical Temple.
  3224 | D:4      | Reached skill level 5 in Armour
  3232 | D:4      | Reached skill level 1 in Dodging
  3241 | D:4      | Reached skill level 6 in Shields
  3247 | Temple   | Entered the Ecumenical Temple
  3477 | D:4      | Reached skill level 5 in Long Blades
  3679 | D:5      | Entered Level 5 of the Dungeon
  3740 | D:5      | Reached XP level 7. HP: 60/60 MP: 6/6
  3814 | D:5      | Reached skill level 5 in Fighting
  4026 | D:5      | Found a sacrificial altar of Ru.
  4113 | D:5      | Reached skill level 7 in Shields
  4342 | D:5      | Reached XP level 8. HP: 63/68 MP: 7/7
  4732 | D:5      | Found a bloodstained altar of Trog.
  5148 | D:6      | Noticed a troll
  5176 | D:6      | Killed a troll
  5176 | D:6      | Reached skill level 8 in Shields
  5416 | D:6      | Found a glowing golden altar of the Shining One.
  5432 | D:6      | Noticed Eustachio
  5457 | D:6      | Killed Eustachio
  5533 | D:6      | Found a glowing silver altar of Zin.
  5533 | D:6      | Found a shimmering blue altar of Sif Muna.
  5554 | D:6      | Found an iron altar of Okawaru.
  5557 | D:6      | Found a snail-covered altar of Cheibriados.
  5557 | D:6      | Found an ornate altar of the Wu Jian Council.
  5558 | D:6      | Found a basalt altar of Yredelemnul.
  5561 | D:6      | Became a worshipper of Warmaster Okawaru
  5640 | D:6      | Reached skill level 9 in Shields
  5854 | D:6      | Reached XP level 9. HP: 75/75 MP: 8/8
  6174 | D:7      | Noticed Pikel
  6174 | D:7      | Noticed Joseph
  6210 | D:7      | Killed Pikel
  6210 | D:7      | Reached * piety under Okawaru
  6210 | D:7      | Reached skill level 10 in Shields
  6217 | D:7      | Paralysed by Joseph for 6 turns
  6233 | D:7      | Killed Joseph
  6306 | D:7      | Found a hide-covered altar of Uskayaw.
  6336 | D:7      | Noticed Harold
  6350 | D:7      | Killed Harold
  6350 | D:7      | Reached skill level 10 in Long Blades
  6353 | D:7      | Reached ** piety under Okawaru
  6421 | D:7      | Noticed Prince Ribbit
  6431 | D:7      | Killed Prince Ribbit
  6431 | D:7      | Reached skill level 11 in Shields
  6431 | D:7      | Reached XP level 10. HP: 82/84 MP: 9/9
  7066 | D:8      | Identified A Beginning Course on Sorcery
  7632 | D:8      | Got a scorched hand axe
  7633 | D:8      | Identified the +7 hand axe of Hospitality {protect, rN+
                  | Int+3} (You found it on level 8 of the Dungeon)
  7787 | D:9      | Noticed a spiny frog
  7792 | D:9      | a spiny frog changed into an eye of draining
  8026 | D:9      | Noticed a two-headed ogre
  8041 | D:9      | Killed a two-headed ogre
  8041 | D:9      | Reached *** piety under Okawaru
  8059 | D:9      | Reached skill level 12 in Shields
  8171 | D:9      | Found a staircase to the Lair.
  8173 | D:9      | Noticed a two-headed ogre
  8207 | D:9      | Killed a two-headed ogre
  8207 | D:9      | Reached **** piety under Okawaru
  8475 | D:9      | Reached XP level 11. HP: 84/93 MP: 10/10
  8853 | D:9      | Noticed a two-headed ogre
  8865 | D:9      | Killed a two-headed ogre
  8865 | D:9      | Reached ***** piety under Okawaru
  9133 | D:9      | Found a staircase to the Orcish Mines.
  9312 | D:10     | Entered Level 10 of the Dungeon
  9340 | D:10     | Killed an unseen horror
  9340 | D:10     | Reached skill level 13 in Shields
  9411 | D:10     | Noticed Sonja
  9418 | D:10     | Killed Sonja
  9418 | D:10     | Reached skill level 1 in Stealth
  9716 | D:10     | Reached skill level 1 in Evocations
  9765 | D:10     | Noticed a two-headed ogre
  9779 | D:10     | Killed a two-headed ogre
  9779 | D:10     | Received a gift from Okawaru
  9831 | D:10     | Noticed a two-headed ogre
  9842 | D:10     | Killed a two-headed ogre
 10239 | D:10     | Found a runed translucent door.
 10255 | D:10     | Found the +10 tower shield of Ignorance {rN+ Int-4}
 10330 | D:10     | Found a runed translucent door.
 10341 | D:10     | Noticed an orange crystal statue
 10571 | D:10     | Noticed Maurice
 10578 | D:10     | Killed Maurice
 10911 | D:11     | Found a gate leading to a gauntlet.
 10912 | D:11     | Noticed a two-headed ogre
 10929 | D:11     | Killed a two-headed ogre
 10935 | D:11     | Reached ****** piety under Okawaru
 10964 | D:11     | Got a polished morningstar
 10969 | Gauntlet | Entered a Gauntlet
 10969 | Gauntlet | Found a transporter.
 11160 | Gauntlet | Found a transporter.
 11162 | Gauntlet | Found a transporter.
 11164 | Gauntlet | Found a transporter.
 11185 | Gauntlet | Found a transporter.
 11196 | Gauntlet | Found a transporter.
 11198 | Gauntlet | Found a large runed translucent door.
 11198 | Gauntlet | Found a large runed translucent door.
 11199 | Gauntlet | Found a large runed translucent door.
 11199 | Gauntlet | Found a large runed translucent door.
 11200 | Gauntlet | Found a large runed translucent door.
 11200 | Gauntlet | Found a runed translucent door.
 11200 | Gauntlet | Found a large runed translucent door.
 11200 | Gauntlet | Found a runed translucent door.
 11200 | Gauntlet | Found a large runed translucent door.
 11200 | Gauntlet | Found a large runed translucent door.
 11201 | Gauntlet | Found a large runed translucent door.
 11201 | Gauntlet | Found a large runed translucent door.
 11201 | Gauntlet | Noticed an orb spider
 11201 | Gauntlet | a yaktaur changed into an orb spider
 11204 | Gauntlet | Found a transporter.
 11221 | Gauntlet | Found a transporter.
 11236 | Gauntlet | Found a large runed translucent door.
 11237 | Gauntlet | Found a large runed translucent door.
 11238 | Gauntlet | Found a large runed translucent door.
 11239 | Gauntlet | Found a runed translucent gate.
 11240 | Gauntlet | Found a transporter.
 11240 | Gauntlet | Found a runed translucent gate.
 11240 | Gauntlet | Noticed a reaper
 11241 | Gauntlet | Found a runed translucent gate.
 11260 | Gauntlet | Found a large runed translucent door.
 11261 | Gauntlet | Found a large runed translucent door.
 11262 | Gauntlet | Found a large runed translucent door.
 11270 | Gauntlet | Found a transporter.
 11270 | Gauntlet | Noticed an entropy weaver
 11271 | Gauntlet | Noticed a wolf spider
 11280 | Gauntlet | Noticed a glowing orange brain
 11293 | Gauntlet | Found the ring of the Mage {Wiz MR++ Int+3}
 11302 | Gauntlet | Found a transporter.
 11302 | Gauntlet | Noticed an entropy weaver
 11310 | Gauntlet | Noticed a glowing orange brain
 11314 | Gauntlet | Found a transporter.
 11318 | Gauntlet | Noticed a red ugly thing
 11320 | Gauntlet | Found a transporter.
 11320 | Gauntlet | Found a transporter.
 11322 | Gauntlet | Found a transporter.
 11346 | Gauntlet | Found a transporter.
 11346 | Gauntlet | Noticed an obsidian statue
 11349 | Gauntlet | Noticed a green ugly thing
 11353 | Gauntlet | Found a transporter.
 11402 | Gauntlet | Found a transporter.
 11635 | Gauntlet | Noticed a sphinx
 11649 | Gauntlet | Reached XP level 12. HP: 103/103 MP: 12/12
 11651 | Gauntlet | Noticed an alligator snapping turtle
 11651 | Gauntlet | a sphinx changed into an alligator snapping turtle
 11684 | Gauntlet | Received a gift from Okawaru
 11762 | Gauntlet | Killed an entropy weaver
 11762 | Gauntlet | Reached skill level 14 in Shields
 11762 | Gauntlet | Reached skill level 1 in Invocations
 11773 | Gauntlet | Got a scorched lead ring
 11775 | Gauntlet | Identified the ring of Scepticism {Fire rElec rPois} (You
                  | found it in a Gauntlet)
 11785 | Gauntlet | Identified the cursed +3 morningstar "Noko" {freeze, rElec
                  | MP+9} (You found it on level 11 of the Dungeon)
 11864 | Gauntlet | Noticed a minotaur
 11882 | Gauntlet | Killed a minotaur
 12129 | D:11     | Noticed a two-headed ogre
 12136 | D:11     | Killed a two-headed ogre
 13038 | D:12     | Noticed a two-headed ogre
 13055 | D:12     | Killed a two-headed ogre
 13055 | D:12     | Reached skill level 10 in Armour
 13097 | D:12     | Reached skill level 10 in Fighting
 13389 | D:12     | Noticed a two-headed ogre
 13401 | D:12     | Killed a two-headed ogre
 13401 | D:12     | Reached skill level 5 in Dodging
 13561 | D:12     | Received a gift from Okawaru
 13760 | D:12     | Noticed a two-headed ogre
 13767 | D:12     | Killed a two-headed ogre
 13817 | D:12     | Reached skill level 15 in Shields
 13982 | D:12     | Noticed a six-headed hydra
 13997 | D:12     | Noticed a storm dragon
 13997 | D:12     | a six-headed hydra changed into a storm dragon
 14009 | D:12     | Killed a storm dragon
 14375 | D:12     | Noticed a six-headed hydra
 14376 | D:12     | Noticed an ettin
 14376 | D:12     | a six-headed hydra changed into an ettin
 14390 | D:12     | Killed an ettin
 14390 | D:12     | Reached XP level 13. HP: 113/113 MP: 10/13
 14705 | Lair:1   | Entered Level 1 of the Lair of Beasts
 14844 | Lair:1   | Noticed Fannar
 14874 | Lair:1   | Killed Fannar
 14999 | Lair:1   | Received a gift from Okawaru
 15115 | Lair:1   | Noticed a minotaur
 15115 | Lair:1   | an eight-headed hydra changed into a minotaur
 15127 | Lair:1   | Killed a minotaur
 15127 | Lair:1   | Reached skill level 16 in Shields
 16273 | Lair:2   | Found a hole to the Spider Nest.
 17182 | Lair:2   | Found a staircase to the Swamp.
 17512 | Lair:3   | Found a dark tunnel.
 17516 | Volcano  | Entered a volcano
 17888 | Volcano  | Found a bloodstained altar of Trog.
 18104 | Volcano  | Paralysed by an orc sorcerer for 4 turns
 18700 | Lair:3   | Mangled by a seven-headed hydra

Illustrated notes

Levels and vault maps discovered:
D:1:      zelgadis_glass_arrival_large, layout_basic, minmay_box_of_dots
D:2:      layout_basic, grunt_temple_overflow_opulence, old_standard_altar,
          first_ration, serial_bayou_lagoon_b, uniq_jessica
D:3:      layout_basic, fedhas_altar_2, lemuel_doored_altar,
          overflow_temple_1_default, fountainhead, nrook_loot_triangle
D:4:      layout_cave_pools, minmay_temple_entry_proselytizer
D:5:      layout_gridville, nicolae_ru_great_annihilating_truth,
          lemuel_round_altar, small_statue_intersection
D:6:      layout_loops_ring, grunt_temple_overflow_open, tso_oasis_becter,
          uniq_eustachio
D:7:      layout_cave_pools, kennysheep_little_box, uniq_joseph, uniq_pikel,
          uniq_harold, uniq_prince_ribbit1
D:8:      layout_loops_ring
D:9:      layout_roguey, erik_lair_orcish_takeover, erik_orc_2, the_bakery,
          minmay_misc_feat_roman
D:10:     layout_stronghold, chequers_guarded_unrand_ignorance, uniq_sonja,
          uniq_maurice
D:11:     layout_small_grid, gauntlet_entry_generic
D:12:     minmay_clustersquares, layout_basic, due_unseen_surprise
Temple:   corrupted_temple
Lair:1:   minmay_lair_venomous_thicket, layout_long_grid, grunt_megastairs_1,
          uniq_fannar
Lair:2:   layout_chaotic_city, nicolae_swamp_entry_splash_gauntlet,
          nicolae_spider_entry_non_spiders, minivault_19, beast_lair_carwin_11,
          serial_bayou_shore_b
Lair:3:   layout_cave_shapes, nicolae_volcano_entry_lava_flow

Skill      XL: |  1  2  3  4  5  6  7  8  9 10 11 12 13 |
---------------+----------------------------------------+-----
Shields        | 4 5 6 7 9 11 12 13 15 16 | 16.9
Fighting       | 4 5 6 7 9 10 11 | 11.0
Armour         | 4 5 6 7 8 9 10 11 | 11.4
Long Blades    | 3 4 5 7 8 10 11 13 14 | 14.7
Dodging        | 1 2 3 4 5 6 |  6.0
Stealth        | 1 2 |  2.4
Evocations     | 1 2 |  2.3
Invocations    | 1 2 |  2.6

Action                   |  1- 3 |  4- 6 |  7- 9 | 10-12 | 13-15 || total
-------------------------+-------+-------+-------+-------+-------++-------
Melee: Long sword        |    85 |   174 |   297 |       |       ||   556
       Headbutt          |    10 |    30 |    69 |   161 |   141 ||   411
       Scimitar          |       |       |    35 |   739 |   464 ||  1238
       Spear             |       |       |       |       |    11 ||    11
Invok: Heroism           |       |       |     1 |     9 |     5 ||    15
       Finesse           |       |       |       |     2 |     1 ||     3
Evoke: Wand              |       |       |       |    18 |     4 ||    22
  Use: Potion            |       |     3 |       |     4 |     2 ||     9
       Scroll            |       |     2 |       |    22 |     6 ||    30
 Stab: Paralysed         |       |       |     1 |     4 |       ||     5
       Distracted        |       |       |       |       |     1 ||     1
  Eat: Chunk             |     2 |     7 |    10 |    22 |    11 ||    52
       Ration            |       |       |       |     2 |     1 ||     3
Armor: Scale mail        |    41 |       |       |       |       ||    41
       Chain mail        |     4 |    73 |    83 |   152 |   116 ||   428
Dodge: Dodged            |    36 |    47 |    93 |   213 |   142 ||   531
Block: Kite shield       |    57 |   172 |   312 |   584 |   416 ||  1541
       Reflection        |     1 |     2 |     8 |    10 |     4 ||    25
       Rpst.: Long sword |     9 |    10 |    19 |       |       ||    38
       Scimitar          |       |       |     2 |    51 |    29 ||    82
